 Dungeon Sprint DCSS version 0.20-a0-269-g17f5411 (webtiles) character file.

3008 Faca the Blocker (level 10, -8/88 HPs)
             Began as a Formicid Fighter on Dec 8, 2016.
             Was an Elder of Okawaru.
             Mangled by a spiny frog (10 damage)
             ... in the Dungeon (Sprint IX: "|||||||||||||||||||||||||||||").
             The game lasted 00:04:14 (823 turns).

Faca the Blocker (Formicid Fighter)                  Turns: 823, Time: 00:04:15

Health: -8/88      AC: 14    Str: 25    XL:     10   Next: 10%
Magic:  10/10      EV:  2    Int:  7    God:    Okawaru [****..]
Gold:   11         SH:  0    Dex: 13    Spells: 9/9 levels left

rFire  . . .     SeeInvis +     m - +2 morningstar (crush)
rCold  . . .     Gourm    .     p - +2 ring mail
rNeg   + + +     Faith    .     c - +0 shield
rPois  ∞         Spirit   .     (helmet unavailable)
rElec  .         Reflect  .     (no cloak)
rCorr  .         Harm     .     o - +0 pair of gloves
MR     +....                    n - +0 pair of boots
Stlth  +.........               (no amulet)
                                r - +3 ring of strength
                                q - +2 ring of protection

@: lethally poisoned (-8 -> -8), petrified
A: permanent stasis, dig shafts and tunnels, four strong arms, antennae 3
a: Dig, Heroism, Renounce Religion


You were in the Dungeon.
You worshipped Okawaru.
Okawaru was greatly pleased with you.
You were not hungry.

You visited 1 branch You collected 11 gold pieces.

Inventory:

Hand Weapons
 m - a +2 morningstar of crushing (weapon)
Armour
 c - a +0 shield (worn)
 n - a +0 pair of boots (worn)
 o - a +0 pair of gloves (worn)
 p - a +2 ring mail (worn)
Jewellery
 q - a +2 ring of protection (left hand)
 r - a +3 ring of strength (right hand)
Wands
 l - a wand of acid (7/15)
Scrolls
 j - 3 scrolls of remove curse
 s - a scroll of fear
Potions
 a - 2 potions of cure mutation
 b - a potion of resistance
 d - a potion of might
 e - a potion of invisibility
 h - 5 potions of curing
 i - 4 potions of magic
 k - a potion of cancellation
Comestibles
 f - a bread ration


   Skills:
 + Level 11.4 Fighting
 + Level 10.2 Maces & Flails
 + Level 11.3 Armour
 + Level 9.2 Dodging
 + Level 12.2 Shields


You had 9 spell levels left.
You didn't know any spells.

Dungeon Overview and Level Annotations

Branches:
Dungeon (1/1)

Altars:
Cheibriados
Dithmenos
Elyvilon
Fedhas
Gozag
Hepliaklqana
Kikubaaqudgha
Makhleb
Nemelex Xobeh
Okawaru
Qazlal
Ru
Sif Muna
Trog
Uskayaw
Vehumet
Xom
Yredelemnul
Zin
The Shining One
Beogh
Jiyva
Lugonu


Innate Abilities, Weirdness & Mutations

You cannot be hasted, slowed, berserked, paralysed or teleported.
You can dig through walls and to a lower floor.
Your four strong arms can wield two-handed weapons with a shield.
You have a pair of large antennae on your head. (SInv)


Message History

You feel sick. The spiny frog stings you!!
* * * LOW HITPOINT WARNING * * *
You are lethally poisoned!
The spiny frog poisons you! The spiny frog stings you.
* * * LOW HITPOINT WARNING * * *
You have turned to stone.
The spiny frog stings you but does no damage.
The spiny frog stings you!
* * * LOW HITPOINT WARNING * * *
The spiny frog stings you.
* * * LOW HITPOINT WARNING * * *
The spiny frog stings you!
* * * LOW HITPOINT WARNING * * *
The spiny frog stings you.
* * * LOW HITPOINT WARNING * * *
The spiny frog stings you but does no damage.
The spiny frog stings you but does no damage. x3
The spiny frog completely misses you. The spiny frog stings you!!
You die...

▓_▓.▓ {
▓_▓.▓.▓
▓_▓.▓.▓
{
▓_▓.▓.▓
{
▓_▓.▓.▓
{
▓_▓.▓Y▓
{
▓_▓.▓F▓
{
▓_▓.▓F▓
{
▓_▓.▓@▓
{
▓_▓.▓?▓
{
▓_▓.▓?▓
{
▓_▓.▓?▓
{
▓'▓.▓?▓
{
▓.▓.▓.▓
{
▓.▓.▓.▓
{
▓.▓.▓[▓
▓.▓.▓.▓


You could see a yak, a spiny frog and a bullfrog.

Vanquished Creatures
  A hydra (D)
  A manticore (D)
  A gargoyle (D)
  A spiny frog (D)
  A troll (D)
  A hippogriff (D)
  A basilisk (D)
  A yak (D)
  An ice beast (D)
  An ogre (D)
  A centaur (D)
  A crocodile (D)
  3 bullfrogs (D)
  A scorpion (D)
  A killer bee (D)
  A hound (D)
  A jelly (D)
  2 dart slugs (D)
  2 orcs (D)
  A bat skeleton (D)
  A goblin (D)
  A jackal (D)
  A bat (D)
  A frilled lizard (D)
28 creatures vanquished.

Notes
Turn   | Place    | Note
-------+----------+-------------------------------------------
     0 | D        | Faca the Formicid Fighter began the quest for the Orb.
     0 | D        | Reached XP level 1. HP: 18/18 MP: 1/1
     6 | D        | Reached skill level 1 in Dodging
     8 | D        | Reached skill level 4 in Shields
     8 | D        | Reached XP level 2. HP: 25/25 MP: 2/2
    18 | D        | Noticed an ice beast
    18 | D        | Noticed a centaur
    18 | D        | Noticed an ogre
    25 | D        | Killed an ogre
    25 | D        | Reached skill level 5 in Fighting
    25 | D        | Reached skill level 5 in Armour
    25 | D        | Reached skill level 5 in Shields
    25 | D        | Reached XP level 3. HP: 7/33 MP: 3/3
    25 | D        | Reached XP level 4. HP: 8/39 MP: 4/4
    32 | D        | Reached skill level 6 in Shields
    32 | D        | Reached XP level 5. HP: 18/46 MP: 5/5
    36 | D        | Killed a centaur
    36 | D        | Reached skill level 5 in Maces & Flails
    36 | D        | Reached skill level 7 in Shields
    36 | D        | Reached XP level 6. HP: 4/53 MP: 6/6
    46 | D        | Killed an ice beast
    46 | D        | Reached skill level 5 in Dodging
   304 | D        | Found a roughly hewn altar of Beogh.
   304 | D        | Found a snail-covered altar of Cheibriados.
   304 | D        | Found a shadowy altar of Dithmenos.
   304 | D        | Found a white marble altar of Elyvilon.
   304 | D        | Found a blossoming altar of Fedhas.
   304 | D        | Found an opulent altar of Gozag.
   305 | D        | Found a hazy altar of Hepliaklqana.
   306 | D        | Found a viscous altar of Jiyva.
   307 | D        | Found an ancient bone altar of Kikubaaqudgha.
   308 | D        | Found a corrupted altar of Lugonu.
   309 | D        | Found a burning altar of Makhleb.
   310 | D        | Found a sparkling altar of Nemelex Xobeh.
   311 | D        | Found an iron altar of Okawaru.
   312 | D        | Found a stormy altar of Qazlal.
   313 | D        | Found a sacrificial altar of Ru.
   314 | D        | Found a deep blue altar of Sif Muna.
   315 | D        | Found a bloodstained altar of Trog.
   316 | D        | Found a hide-covered altar of Uskayaw.
   317 | D        | Found a radiant altar of Vehumet.
   318 | D        | Found a shimmering altar of Xom.
   319 | D        | Became a worshipper of Warmaster Okawaru
   320 | D        | Found a basalt altar of Yredelemnul.
   321 | D        | Found a glowing silver altar of Zin.
   322 | D        | Found a glowing golden altar of the Shining One.
   379 | D        | Noticed a yak
   393 | D        | Killed a yak
   393 | D        | Reached skill level 8 in Shields
   393 | D        | Reached XP level 7. HP: 33/61 MP: 7/7
   405 | D        | Reached skill level 9 in Shields
   537 | D        | Noticed a gargoyle
   537 | D        | Noticed a troll
   537 | D        | Noticed a manticore
   544 | D        | Killed a manticore
   544 | D        | Reached * piety under Okawaru
   544 | D        | Reached skill level 10 in Shields
   544 | D        | Reached XP level 8. HP: 53/71 MP: 8/8
   549 | D        | Killed a troll
   549 | D        | Reached ** piety under Okawaru
   557 | D        | Killed a gargoyle
   557 | D        | Reached skill level 10 in Fighting
   557 | D        | Reached skill level 10 in Armour
   557 | D        | Reached XP level 9. HP: 53/78 MP: 9/9
   771 | D        | Noticed a five-headed hydra
   771 | D        | Noticed a spiny frog
   771 | D        | Noticed a hippogriff
   774 | D        | Noticed a spiny frog
   776 | D        | Killed a hippogriff
   776 | D        | Reached skill level 11 in Shields
   788 | D        | HP: 1/79 [five-headed hydra (7)]
   791 | D        | Killed a five-headed hydra
   791 | D        | Reached *** piety under Okawaru
   801 | D        | Killed a spiny frog
   801 | D        | Reached **** piety under Okawaru
   801 | D        | Reached skill level 10 in Maces & Flails
   801 | D        | Reached skill level 12 in Shields
   801 | D        | Reached XP level 10. HP: 21/88 MP: 10/10
   817 | D        | HP: 2/88 [spiny frog (7)]
   823 | D        | Mangled by a spiny frog

Vault maps used:
D:        linesprint

Skill      XL: |  1  2  3  4  5  6  7  8  9 |
---------------+----------------------------+-----
Dodging        | 1 3 4 5 7 9 |  9.2
Shields        | 4 5 6 7 8 10 12 | 12.2
Fighting       | 5 6 7 9 10 11 | 11.4
Maces & Flails | 4 5 6 8 10 | 10.2
Armour         | 5 6 7 9 10 11 | 11.3

Action                   |  1- 3 |  4- 6 |  7- 9 | 10-12 || total
-------------------------+-------+-------+-------+-------++-------
Melee: Flail             |    15 |    18 |       |       ||    33
       Morningstar       |       |    14 |    65 |     4 ||    83
  Use: Potion            |       |     2 |     3 |     1 ||     6
Armor: Scale mail        |     3 |     4 |       |       ||     7
       Ring mail         |       |     3 |    25 |     8 ||    36
Dodge: Dodged            |     2 |    12 |    42 |     1 ||    57
Block: Shield            |     5 |    10 |    54 |       ||    69
